 Dungeon Crawl Stone Soup version 0.29.0-11-gd7f09526c8 (webtiles) character file.

Game seed: 7608329753126869013

1909 Flugkiller the Cleaver (level 8, 0/73 HPs)
             Began as a Minotaur Fighter on Sept 4, 2022.
             Was a Follower of Okawaru.
             Slain by an orc warrior
             ... wielding a +0 glaive
              (11 damage)
             ... in a bailey.
             The game lasted 00:03:14 (7407 turns).

Flugkiller the Cleaver (Minotaur Fighter)           Turns: 7407, Time: 00:03:14

Health: 0/73       AC: 17    Str: 21    XL:     8   Next: 94%
Magic:  7/9        EV:  8    Int:  5    God:    Okawaru [*.....]
Gold:   363        SH:  6    Dex: 12    Spells: 7/7 levels left

rFire   . . .      SeeInvis .   a - +0 war axe
rCold   . . .      Faith    .   c - +0 buckler
rNeg    . . .      Spirit   .   g - +0 plate armour
rPois   .          Reflect  .   (helmet restricted)
rElec   .          Harm     .   n - +0 cloak
rCorr   .          Rampage  .   (no gloves)
Will    .....                   (no boots)
Stlth   ..........              (no amulet)
HPRegen 0.22/turn               (no ring)
MPRegen 0.11/turn               (no ring)

@: heroic
A: horns 2, retaliatory headbutt
a: Renounce Religion, Heroism


You were in a bailey.
You worshipped Okawaru.
Okawaru was aware of your devotion.
You visited 1 branch of the dungeon, and saw 7 of its levels.
You also visited: Bailey.

You collected 363 gold pieces.

Inventory:

Hand Weapons
 a - a +0 war axe (weapon)
Armour
 c - a +0 buckler (worn)
 g - a +0 plate armour (worn)
   (You found it on level 6 of the Dungeon)
 k - a scarf of repulsion
   (You found it on level 3 of the Dungeon)
 n - a +0 cloak (worn)
   (You found it on level 4 of the Dungeon)
Jewellery
 m - a ring of willpower
   (You found it on level 7 of the Dungeon)
Wands
 d - a wand of roots (14)
   (You took it off Natasha on level 2 of the Dungeon)
 s - a wand of paralysis (10)
   (You found it on level 6 of the Dungeon)
Scrolls
 b - a scroll of blinking {unknown}
 e - a scroll of noise {unknown}
 f - a scroll of immolation
 h - a scroll of brand weapon
 l - 2 scrolls of fog
 t - 4 scrolls of teleportation
Potions
 i - a potion of heal wounds {unknown}
 o - a potion of berserk rage {unknown}
 p - a potion of mutation {unknown}
 q - 4 potions of curing


   Skills:
 + Level 7.5(12.5) Fighting
 * Level 9.8(14.8) Axes
 + Level 7.5(12.5) Armour
 - Level 3.6(8.6) Shields
 + Level 3.0 Invocations


You had 7 spell levels left.
You didn't know any spells.
Your spell library was empty.

Dungeon Overview and Level Annotations

Branches:
Dungeon (7/15)             Temple (0/1) D:6          Bailey (1/1)

Altars:
Elyvilon
Kikubaaqudgha
Okawaru
Sif Muna
Uskayaw
Xom
Zin
The Shining One

Shops:
D:7 [


Innate Abilities, Weirdness & Mutations

You have a pair of horns on your head.
You reflexively headbutt those who attack you in melee.


Message History

There are monsters nearby!
You gain the combat prowess of a mighty hero.
The orc barely misses you. You block the orc's attack.
An orc comes into view. It is wielding a +0 halberd.
The orc shouts!
The orc hits you but does no damage. x2
You hit the orc but do no damage. You slash the orc!
You kill the orc!
Okawaru accepts your kill.
The orc hits you from afar with a +0 spear.
An orc comes into view. It is wielding a +0 halberd.
You block the orc's attack.
You slash the orc!
You kill the orc!
Okawaru accepts your kill. The orc closely misses you.
You closely miss the orc.
You feel like a meek peon again.
The orc hits you from afar with a +0 halberd.
The orc closely misses you. You furiously retaliate!
You headbutt the orc, but do no damage. You hit the orc. You headbutt the orc.
The orc is severely wounded.
You block the orc's attack. The orc hits you but does no damage.
You closely miss the orc. You headbutt the orc.
You kill the orc!
Okawaru accepts your kill. The orc barely misses you.
You block the orc's attack.
You hit the orc. You headbutt the orc.
The orc is heavily wounded.
The orc hits you but does no damage.
You slash the orc!
You kill the orc!
Okawaru accepts your kill.
No target in view!
No target in view!
No target in view!
No target in view!
An orc comes into view. It is wielding a +0 trident.
Things that are here:
a +0 halberd; a +0 ring mail; an orc corpse A centaur comes into view.
It is wielding a +0 halberd.
The centaur shouts!
An orc warrior comes into view. It is wielding a +0 glaive.
You block the orc's attack.
You closely miss the orc. Your headbutt misses the orc.
The orc barely misses you. You furiously retaliate!
You headbutt the orc.
The centaur throws a javelin.
The javelin pierces through you. The orc hits you but does no damage.
You hit the orc.
The orc is severely wounded.
The centaur hits you from afar with a +0 halberd.
The orc closely misses you.
You slice the orc!!
You kill the orc!
Okawaru accepts your kill. You block the centaur's attack.
The centaur throws a javelin.
The javelin pierces through you. You block the orc warrior's attack.
The centaur hits you with a +0 halberd. The centaur kicks you.
The orc warrior hits you with a +0 glaive!
You barely miss the centaur. You hit the orc warrior.
The centaur hits you with a +0 halberd! The centaur barely misses you.
The centaur hits you with a +0 halberd. The centaur barely misses you.
The orc warrior hits you with a +0 glaive.
You are too injured to fight recklessly!
You are too injured to fight recklessly!
You gain the combat prowess of a mighty hero.
The centaur hits you with a +0 halberd!
* * * LOW HITPOINT WARNING * * *
The centaur kicks you but does no damage.
The orc warrior hits you with a +0 glaive!
* * * LOW HITPOINT WARNING * * *
You slash the orc warrior! Your headbutt misses the orc warrior.
The orc warrior is severely wounded.
You slash the centaur!
The centaur hits you but does no damage.
The centaur kicks you but does no damage.
The centaur hits you but does no damage.
The centaur kicks you.
* * * LOW HITPOINT WARNING * * *
You feel better.
The orc warrior hits you with a +0 glaive!
* * * LOW HITPOINT WARNING * * *
The centaur hits you but does no damage.
The centaur kicks you but does no damage.
You closely miss the orc warrior.
The orc warrior is severely wounded.
You barely miss the centaur.
The centaur hits you but does no damage.
The centaur barely misses you.
The orc warrior hits you but does no damage.
Unknown command.
Unknown command.
You feel better. The centaur hits you with a +0 halberd.
* * * LOW HITPOINT WARNING * * *
The centaur kicks you but does no damage.
The orc warrior hits you with a +0 glaive!
You die...

.≈.≈≈..⌠.⌠..≈.≈≈.≈.#.)+
.≈≈.≈≈≈...≈≈≈.≈.≈≈.#.)#
.≈≈..≈≈≈≈≈..≈≈.≈.##..#
..≈≈≈.....≈≈≈.≈≈.#)..#
...o≈≈≈≈≈≈≈..≈≈..#...#
..≈≈.......≈≈≈.⌠ #.).#
...≈≈≈≈≈≈≈≈≈... ##...#
#####....# #⌠c@.....#
......o)....##
...........##
≈≈≈≈≈≈≈≈≈≈##
###########


You could see an orc warrior and a centaur.

Vanquished Creatures
  Eustachio (D:5)
  A steam dragon (D:7)
  2 orc warriors (Bailey)
  An ice beast (D:6)
  2 ogres
  4 centaurs
  A phantom (D:6)
  A necrophage (D:5)
  A scorpion (D:4)
  3 hounds
  2 jellies
  Ijyb (D:5)
  Terence (D:2)
  Natasha (thrice) (D:2)
  5 iguanas
  6 gnolls (D:4)
  7 adders
  2 shadow imps
  2 white imps (D:5)
  3 ufetubi
  3 dart slugs
  36 orcs
  4 bats
  4 endoplasms
  3 giant cockroaches
  8 goblins
  3 hobgoblins
  6 jackals
  A quokka (D:2)
  7 ball pythons
  3 frilled lizards
  3 kobolds
  4 rats
134 creatures vanquished.

Vanquished Creatures (others)
  12 fungi (D:6)
12 creatures vanquished.

Grand Total: 146 creatures vanquished

Notes
Turn   | Place    | Note
-------+----------+-------------------------------------------
     0 | D:1      | Flugkiller the Minotaur Fighter began the quest for the
                  | Orb.
     0 | D:1      | Reached XP level 1. HP: 19/19 MP: 0/0
   234 | D:1      | Reached skill level 3 in Axes
   234 | D:1      | Reached XP level 2. HP: 27/27 MP: 1/1
   665 | D:1      | Found a faded altar of an unknown god.
  1323 | D:2      | Reached XP level 3. HP: 33/33 MP: 2/2
  1347 | D:2      | Noticed Terence
  1348 | D:2      | Noticed Natasha
  1350 | D:2      | Killed Natasha
  1357 | D:2      | Killed Terence
  1358 | D:2      | Reached skill level 4 in Axes
  1358 | D:2      | Reached XP level 4. HP: 15/41 MP: 3/3
  1453 | D:2      | Noticed Natasha
  1459 | D:2      | Killed Natasha
  1524 | D:2      | Noticed Natasha
  1530 | D:2      | Killed Natasha
  2119 | D:3      | Reached XP level 5. HP: 47/47 MP: 4/4
  2350 | D:3      | Reached skill level 5 in Axes
  2885 | D:3      | Found a shimmering blue altar of Sif Muna.
  3177 | D:4      | Reached skill level 5 in Fighting
  3178 | D:4      | Reached skill level 5 in Armour
  3456 | D:4      | Reached XP level 6. HP: 45/56 MP: 5/5
  3548 | D:4      | Found an ancient bone altar of Kikubaaqudgha.
  3555 | D:4      | Reached skill level 6 in Axes
  3704 | D:4      | Found a white marble altar of Elyvilon.
  4099 | D:5      | Entered Level 5 of the Dungeon
  4262 | D:5      | Reached XP level 7. HP: 62/62 MP: 6/6
  4270 | D:5      | Reached skill level 7 in Axes
  4499 | D:5      | Found an iron altar of Okawaru.
  4554 | D:5      | Found a hide-covered altar of Uskayaw.
  4601 | D:5      | Became a worshipper of Warmaster Okawaru
  4661 | D:5      | Noticed Eustachio
  4662 | D:5      | Noticed Ijyb
  4670 | D:5      | Paralysed by Ijyb for 2 turns
  4675 | D:5      | Killed Ijyb
  4692 | D:5      | Killed Eustachio
  4876 | D:5      | Found a glowing golden altar of the Shining One.
  5039 | D:6      | Reached skill level 8 in Axes
  5064 | D:6      | Reached XP level 8. HP: 20/71 MP: 7/7
  5333 | D:6      | Found a shimmering altar of Xom.
  5381 | D:6      | Found a staircase to the Ecumenical Temple.
  5419 | D:6      | Reached skill level 1 in Invocations
  5574 | D:6      | Found a glowing silver altar of Zin.
  5593 | D:6      | Reached * piety under Okawaru
  6362 | D:7      | Reached skill level 9 in Axes
  6374 | D:7      | Found Xittemeu's Armour Boutique.
  6843 | D:7      | Found a flagged portal.
  6900 | Bailey   | Entered a bailey
  7407 | Bailey   | Slain by an orc warrior

Illustrated notes

Levels and vault maps discovered:
D:1:      evilmike_arrival_rings, layout_loops_corners,
          shapermc_ecumenical_altar_pompeii
D:2:      layout_basic, st_stairs_14, uniq_natasha, uniq_terence
D:3:      layout_loops_ring, mainiacjoe_overflow_surrounded_room
D:4:      layout_cave_pools, kennysheep_mini_moat, elyvilon_altar_3,
          grunt_ministairs_5
D:5:      layout_rooms, nicolae_overflow_hidden_temple, tso_altar,
          general_overflow_altar, uniq_ijyb, uniq_eustachio
D:6:      layout_loops_ring, mainiacjoe_overflow_24_doors,
          nicolae_overflow_crystal_walls, minmay_temple_entry_from_below_a,
          serial_aquarium, aquarium_bridge_square [aquarium_subvault_balcony,
          aquarium_subvault_balcony, aquarium_subvault_bridge,
          aquarium_subvault_bridge], aquarium_bridge_island_small
          [aquarium_subvault_small_open, aquarium_subvault_window,
          aquarium_subvault_window, aquarium_subvault_bridge,
          aquarium_subvault_bridge], aquarium_window_2, aquarium_window_fake,
          aquarium_window_fake, aquarium_view_2c, aquarium_view_2b,
          aquarium_balcony_5a
D:7:      layout_basic, nemelex_dance_club_becter, kennysheep_little_box,
          enter_bailey_8, serial_shops, shop, hex_tiny, nicolae_water_bricks,
          roderic_lattice_a, minmay_misc_feat_plants
Bailey:   bailey_polearm_flooded_kennysheep, bailey

Skill      XL: |  1  2  3  4  5  6  7  8 |
---------------+-------------------------+-----
Axes           | 3 4 5 6 8 9 |  9.8
Fighting       | 4 5 6 7 |  7.5
Armour         | 4 5 6 7 |  7.5
Invocations    | 3 |  3.0
Shields        | |  3.6

Action                   |  1- 3 |  4- 6 |  7- 9 || total
-------------------------+-------+-------+-------++-------
Melee: War axe           |    48 |   112 |   179 ||   339
       Headbutt          |     7 |    16 |    26 ||    49
Invok: Heroism           |       |       |     6 ||     6
  Use: Potion            |     1 |     1 |     7 ||     9
       Scroll            |       |       |     7 ||     7
Armor: Scale mail        |    28 |    52 |    22 ||   102
       Plate armour      |       |       |    96 ||    96
Dodge: Dodged            |    35 |    74 |    84 ||   193
       Repelled          |       |       |     1 ||     1
Block: Buckler           |    14 |    36 |    53 ||   103
